 Dungeon Crawl Stone Soup version 0.28.0 (webtiles) character file.

Game seed: 7979645291094820309

197 rageheart7 the Skirmisher (level 5, -2/43 HPs)
             Began as a Demonspawn Gladiator on Feb 14, 2022.
             Slain by Grinder (6 damage)
             ... on level 3 of the Dungeon.
             The game lasted 00:04:53 (2406 turns).

rageheart7 the Skirmisher (Demonspawn Gladiator)    Turns: 2406, Time: 00:04:53

Health: -2/43      AC:  3    Str: 13 (16) XL:     5   Next: 46%
Magic:  5/5        EV: 12    Int:  9 (10) God:
Gold:   43         SH:  0    Dex: 11 (12) Spells: 4/4 levels left

rFire   . . .      SeeInvis .   a - +0 trident
rCold   . . .      Faith    .   (no shield)
rNeg    . . .      Spirit   .   b - +0 leather armour
rPois   +          Reflect  .   (helmet unavailable)
rElec   .          Harm     .   (no cloak)
rCorr   .          Rampage  .   (no gloves)
Will    .....      Rnd*Tele +   (no boots)
Stlth   +.........              (no amulet)
HPRegen 0.14/turn               (no ring)
MPRegen 0.18/turn               (no ring)

@: no status effects
A: horns 3, magic regeneration, clumsy 1, poison resistance, teleportitis 1,
MP-powered wands
a: no special abilities


You were on level 3 of the Dungeon.
You visited 1 branch of the dungeon, and saw 3 of its levels.

You collected 43 gold pieces.

Inventory:

Hand Weapons
 a - a +0 trident (weapon)
Missiles
 d - 3 throwing nets
 i - 3 boomerangs (quivered)
Armour
 b - a +0 leather armour (worn)
Magical Staves
 o - a staff of poison
Wands
 c - a wand of digging (5)
Potions
 e - a potion of curing
 n - 2 potions of flight


   Skills:
 * Level 4.8 Fighting
 + Level 3.9 Polearms
 - Level 1.7 Throwing
 - Level 2.6 Dodging
 + Level 0.1 Spellcasting


You had 4 spell levels left.
You didn't know any spells.
Your spell library contained the following spells:

 Spells                   Type           Power      Damage    Failure   Level
 Cause Fear               Hex            0%         N/A       99%         4
 Dragon Form              Tmut           0%         N/A       100%        7
 Dragon's Call            Summ           0%         N/A       100%        9


Dungeon Overview and Level Annotations

Branches:
Dungeon (3/15)

Altars:

Shops:
D:2 *

Annotations:
D:3 Grinder


Innate Abilities, Weirdness & Mutations

You have a pair of large horns on your head.
You regenerate magic rapidly.
You are clumsy. (Dex -2)
Your system is resistant to poisons. (rPois)
You are occasionally teleported next to monsters.
You expend magic power (3 MP) to strengthen your wands.


Message History

Grinder hits you!
You writhe in agony.
Grinder hits you but does no damage. Grinder hits you.
You writhe in agony.
You can move again.
You barely miss Grinder.
Grinder is lightly wounded.
Grinder hits you but does no damage. Grinder barely misses you.
You closely miss Grinder. You headbutt Grinder, but do no damage.
Grinder is lightly wounded.
Grinder hits you!
You writhe in agony.
You closely miss Grinder. Your headbutt misses Grinder.
Grinder is lightly wounded.
Grinder gestures at you. Pain shoots through your body!
You puncture Grinder!
Grinder is moderately wounded.
Grinder says, "There's only one good use for a tongue: cutting it out."
Grinder hits you!
* * * LOW HITPOINT WARNING * * *
You writhe in agony.
* * * LOW HITPOINT WARNING * * *
You hit Grinder. You headbutt Grinder.
Grinder is severely wounded.
Grinder hits you.
* * * LOW HITPOINT WARNING * * *
Unknown command.
You hit Grinder.
Grinder is severely wounded.
Grinder gestures at you.
You suddenly lose the ability to move!
Grinder gestures at you.
You shrug off the repeated paralysis!
You can move again.
You hit Grinder but do no damage.
Grinder is severely wounded.
Grinder hits you but does no damage.
You closely miss Grinder.
Grinder is severely wounded.
Grinder hits you.
You die...

#.......#...###....####
#.#...###########....##
#.....#### #.........#
######...# #...).....#
#.#.# #.........# #.#)#
#.........# #.#.#
#.........# #.#.#
########.... ..#@#
.#### ..#5# .# #...#
###. . .# .# .#
#####+####


You could see Grinder.

Vanquished Creatures
  Jessica (D:2)
  Natasha (thrice) (D:2)
  3 gnolls (D:2)
  2 worms (D:2)
  2 dart slugs
  7 ball pythons
  3 endoplasms (D:2)
  3 giant cockroaches
  5 hobgoblins
  5 quokkas
  4 bats
  2 frilled lizards
  7 goblins
  7 kobolds
  5 rats
59 creatures vanquished.

Notes
Turn   | Place    | Note
-------+----------+-------------------------------------------
     0 | D:1      | rageheart7 the Demonspawn Gladiator began the quest for the
                  | Orb.
     0 | D:1      | Reached XP level 1. HP: 16/16 MP: 1/1
   259 | D:1      | Gained mutation: You have a pair of small horns on your
                  | head. [demonic ancestry]
   259 | D:1      | Reached XP level 2. HP: 12/23 MP: 2/2
   923 | D:2      | Found Boxzoh's Assorted Antiques.
   957 | D:2      | Reached skill level 3 in Fighting
  1057 | D:2      | Noticed Natasha
  1064 | D:2      | Killed Natasha
  1065 | D:2      | Gained mutation: You have a pair of horns on your head.
                  | [demonic ancestry]
  1065 | D:2      | Reached XP level 3. HP: 17/29 MP: 3/3
  1245 | D:2      | Noticed Natasha
  1249 | D:2      | Killed Natasha
  1250 | D:2      | Gained mutation: You have a pair of large horns on your
                  | head. [demonic ancestry]
  1250 | D:2      | Reached XP level 4. HP: 30/37 MP: 4/4
  1327 | D:2      | Noticed Jessica
  1340 | D:2      | Killed Jessica
  1341 | D:2      | Reached skill level 4 in Fighting
  1482 | D:2      | Noticed Natasha
  1490 | D:2      | Killed Natasha
  1491 | D:2      | Gained mutation: You regenerate magic rapidly. [demonic
                  | ancestry]
  1491 | D:2      | Reached XP level 5. HP: 37/43 MP: 5/5
  2221 | D:2      | Gained mutation: You are clumsy. (Dex -2) [potion of
                  | mutation]
  2221 | D:2      | Gained mutation: You are occasionally teleported next to
                  | monsters. [potion of mutation]
  2221 | D:2      | Gained mutation: Your system is resistant to poisons.
                  | (rPois) [potion of mutation]
  2221 | D:2      | Gained mutation: You expend magic power (3 MP) to
                  | strengthen your wands. [potion of mutation]
  2387 | D:3      | Noticed Grinder
  2392 | D:3      | Paralysed by Grinder for 6 turns
  2403 | D:3      | Paralysed by Grinder for 2 turns
  2406 | D:3      | Slain by Grinder

Illustrated notes

Levels and vault maps discovered:
D:1:      dpeg_arrival_arbitrary_a, layout_rooms, columned_hall_lemuel
D:2:      minmay_thinvault, layout_rooms, serial_shops, shop, hex_medium,
          bh_walls_and_bars, uniq_jessica, uniq_natasha
D:3:      layout_basic, ebering_ecumenical_altar_abandoned,
          gammafunk_ghost_grave, uniq_grinder

Skill      XL: |  1  2  3  4 |
---------------+-------------+-----
Polearms       | 3 |  3.9
Fighting       | 3 4 |  4.8
Throwing       | |  1.7
Dodging        | |  2.6
Spellcasting   | |  0.1

Action                   |  1- 3 |  4- 6 || total
-------------------------+-------+-------++-------
Melee: Trident           |    61 |   108 ||   169
       Headbutt          |     2 |    11 ||    13
Throw: Boomerang         |     4 |     3 ||     7
  Use: Scroll            |       |     5 ||     5
       Potion            |       |     3 ||     3
 Stab: Sleeping          |     2 |       ||     2
Armor: Leather armour    |     8 |    17 ||    25
Dodge: Dodged            |    26 |    70 ||    96
